 Dungeon Crawl Stone Soup version 0.21.0-24-g2553a33 (webtiles) character file.

2883 Mgcat the Chopper (level 9, -1/63 HPs)
             Began as a Demonspawn Fighter on Jan 19, 2018.
             Was a Priest of Cheibriados.
             Slain by a very large slime creature (45 damage)
             ... on level 8 of the Dungeon.
             The game lasted 00:19:57 (7907 turns).

Mgcat the Chopper (Demonspawn Fighter)              Turns: 7907, Time: 00:19:58

Health: -1/63      AC: 15    Str: 24    XL:     9   Next: 48%
Magic:  0/17       EV:  7    Int: 17    God:    Cheibriados [***...]
Gold:   531        SH: 10    Dex: 22    Spells: 17/19 levels left

rFire    . . .     SeeInvis .   a - +1 war axe
rCold    . . .     Gourm    .   c - +0 shield
rNeg     . . .     Faith    .   b - +0 scale mail
rPois    .         Spirit   +   (helmet restricted)
rElec    .         Reflect  .   F - +2 cloak
rCorr    .         Harm     .   u - +2 pair of gloves
MR       +....                  (no boots)
Stlth    ..........             D - amulet of regeneration
HPRegen  0.60/turn              K - ring of protection from magic
MPRegen  0.30/turn              (no ring)

@: very slow
A: horns 1, slimy green scales 2, demonic guardian 1, magic shield, magic
regeneration
a: Bend Time, Temporal Distortion, Renounce Religion


You were on level 8 of the Dungeon.
You worshipped Cheibriados.
Cheibriados was most pleased with you.
You were not hungry.

You visited 2 branches of the dungeon, and saw 9 of its levels.
You also visited: Sewer.

You collected 531 gold pieces.

Inventory:

Hand Weapons
 a - a +1 war axe (weapon)
 A - a +0 whip of flaming
Armour
 b - a +0 scale mail (worn)
 c - a +0 shield (worn)
 u - a +2 pair of gloves (worn)
 F - a +2 cloak (worn)
Jewellery
 B - an uncursed amulet of the gourmand
 D - an amulet of regeneration (around neck)
 K - a ring of protection from magic (left hand)
Wands
 n - a wand of flame (62)
 p - a wand of clouds (11)
 I - a wand of enslavement (12)
Scrolls
 e - 2 scrolls of remove curse
 h - 2 scrolls of teleportation {unknown}
 i - 2 scrolls of enchant armour
 j - 2 scrolls of identify
 k - a scroll of random uselessness
 l - 2 scrolls of enchant weapon
 t - a scroll of blinking {unknown}
 H - a scroll of fog {unknown}
 J - a scroll of amnesia {unknown}
Potions
 d - a potion of haste {unknown}
 g - 2 potions of curing
 m - 2 potions of cancellation {unknown}
 o - 2 potions of degeneration
 r - a potion of lignification {unknown}
 s - 2 potions of magic {unknown}
 w - 3 potions of flight {unknown}
 x - a potion of berserk rage {unknown}
 z - a potion of mutation {unknown}
 C - 2 potions of might
 E - 3 potions of brilliance
 G - 2 potions of heal wounds {unknown}
Books
 q - a book of Misfortune

   Spells                             Type                      Level
   a - Confusing Touch                Hexes                        1
   b - Confuse                        Hexes                        3
   c - Gell's Gravitas                Translocation                3
   d - Petrify                        Transmutation/Earth          4
   e - Metabolic Englaciation         Hexes/Ice                    5
   f - Yara's Violent Unravelling     Hexes/Transmutation          5
 v - a book of Minor Magic

   Spells                             Type                      Level
   a - Magic Dart                     Conjuration                  1
   b - Blink                          Translocation                2
   c - Call Imp                       Summoning                    2
   d - Slow                           Hexes                        2
   e - Conjure Flame                  Conjuration/Fire             3
   f - Mephitic Cloud                 Conjuration/Poison/Air       3
 y - a book of Callings

   Spells                             Type                      Level
   a - Summon Small Mammal            Summoning                    1
   b - Call Imp                       Summoning                    2
   c - Call Canine Familiar           Summoning                    3
   d - Summon Guardian Golem          Hexes/Summoning              3
   e - Summon Lightning Spire         Summoning/Air                4
   f - Summon Ice Beast               Ice/Summoning                4
 L - a book of Clouds

   Spells                             Type                      Level
   a - Poisonous Vapours              Poison/Air                   2
   b - Mephitic Cloud                 Conjuration/Poison/Air       3
   c - Conjure Flame                  Conjuration/Fire             3
   d - Freezing Cloud                 Conjuration/Ice/Air          6
   e - Ring of Flames                 Charms/Fire                  7
Comestibles
 f - 14 rations
 M - a chunk of flesh


   Skills:
 - Level 3.0 Fighting
 + Level 7.5 Axes
 - Level 2.6 Armour
 - Level 2.6 Shields
 + Level 5.7 Spellcasting
 + Level 5.6 Translocations
 + Level 6.7 Invocations


You had 17 spell levels left.
You knew the following spells:

 Your Spells              Type           Power        Failure   Level  Hunger
a - Blink                 Tloc           N/A          24%         2    #......


Dungeon Overview and Level Annotations

Branches:
Dungeon (8/15)             Temple (1/1) D:5
   Lair: D:8-11

Altars:
Ashenzari
Cheibriados
Dithmenos
Elyvilon
Fedhas
Gozag
Hepliaklqana
Makhleb
Nemelex Xobeh
Qazlal
Ru
Sif Muna
Trog
Uskayaw
Vehumet
Wu Jian
Xom
Yredelemnul
Zin
The Shining One


Innate Abilities, Weirdness & Mutations

You have a pair of small horns on your head.
You are mostly covered in slimy green scales. (AC +3)
A weak demonic guardian rushes to your aid.
When hurt, damage is shared between your health and your magic reserves.
You regenerate magic rapidly.


Message History

You slash the crimson imp!
You kill the crimson imp!
Cheibriados appreciates the change of pace.
You hit the very large slime creature.
The slime creature barely misses your quasit.
You block the very large slime creature's attack.
Your quasit bites the very large slime creature but does no damage.
Your quasit claws the very large slime creature but does no damage.
Your quasit barely misses the very large slime creature.
Unknown command.
Unknown command.
Unknown command.
You slash the very large slime creature!
The very large slime creature is moderately wounded.
The slime creature completely misses your quasit.
Your quasit barely misses the very large slime creature.
Your quasit claws the very large slime creature. x2
The very large slime creature hits you!!!
Ouch! That really hurt!
You die...

##...# #....+ #....#
#....+ #.. ....#### #.#
......# ##... #..
#..J..# ##### ....##
#.# #J5...###...##
#....#
#.#######@######.....##
#....# #.#.......#
###.......# .....#
#.#...##### #....._...#
.....###.#...#
#.#.......# ##
.........#...#
##.##.....## #.
..)........###
#...##...### #.
..####.....#
####....#####.###. ..#
#.....#
#..'.....#(...##..
..####.###.#
#.##.....#....##..


You could see a very large slime creature, a slime creature and a friendly
quasit.

Vanquished Creatures
  Joseph (D:7)
  The ghost of matthes123 the Digger, an amateur GrEE (D:6)
  2 ice beasts (D:7)
  A black bear (D:8)
  A necrophage (D:7)
  2 ogres (D:5)
  A centaur (D:6)
  A big kobold (Sewer)
  4 bullfrogs
  3 scorpions
  8 crimson imps
  A bullfrog zombie (D:5)
  5 hounds
  A jelly (D:5)
  2 orc wizards (D:7)
  A quasit (D:5)
  An orc priest (D:7)
  A centaur skeleton (D:6)
  2 bullfrog skeletons
  A gnoll shaman (D:4)
  3 iguanas
  A worker ant (D:6)
  A hound zombie (D:8)
  3 gnolls (D:4)
  A river rat (Sewer)
  10 adders
  6 oozes
  An adder skeleton (D:4)
  2 worms
  6 dart slugs
  4 leopard geckos
  17 orcs
  8 bats
  8 giant cockroaches
  7 goblins
  6 hobgoblins
  3 jackals (D:2)
  5 quokkas
  A ball python (Sewer)
  2 frilled lizards
  A jackal skeleton (D:4)
  10 kobolds
  A leopard gecko skeleton (D:7)
  A leopard gecko zombie (D:5)
  A quokka skeleton (D:6)
  A quokka zombie (D:5)
  6 rats
156 creatures vanquished.

Vanquished Creatures (collateral kills)
  2 ogres
  A phantom (D:4)
  A bullfrog (D:6)
  A scorpion (D:4)
  An orc priest (D:7)
  An orc wizard (D:7)
  A shadow imp (D:4)
  3 orcs
  A kobold (Sewer)
12 creatures vanquished.

Grand Total: 168 creatures vanquished

Notes
Turn   | Place    | Note
-------+----------+-------------------------------------------
     0 | D:1      | Mgcat the Demonspawn Fighter began the quest for the Orb.
     0 | D:1      | Reached XP level 1. HP: 18/18 MP: 1/1
    11 | D:1      | Reached skill level 2 in Axes
   172 | D:1      | Gained mutation: You are partially covered in slimy green scales. (AC +2) [demonic ancestry]
   172 | D:1      | Reached XP level 2. HP: 24/24 MP: 2/2
   447 | D:1      | Reached skill level 3 in Axes
   530 | D:1      | Gained mutation: You have a pair of small horns on your head. [demonic ancestry]
   530 | D:1      | Reached XP level 3. HP: 29/29 MP: 3/3
  1351 | D:2      | Found a shadowy altar of Dithmenos.
  1463 | D:2      | Gained mutation: When hurt, damage is shared between your health and your magic reserves. [demonic ancestry]
  1463 | D:2      | Reached XP level 4. HP: 31/35 MP: 4/4
  1499 | D:2      | Reached skill level 4 in Axes
  1912 | D:3      | Found a sparkling altar of Nemelex Xobeh.
  1993 | D:3      | Found a faded altar of an unknown god.
  2144 | D:3      | Found a hide-covered altar of Uskayaw.
  2286 | D:3      | Learned a level 2 spell: Blink
  2293 | D:4      | Found a stormy altar of Qazlal.
  2365 | D:4      | Gained mutation: A weak demonic guardian rushes to your aid. [demonic ancestry]
  2365 | D:4      | Reached XP level 5. HP: 41/41 MP: 5/5
  2417 | D:4      | Reached skill level 1 in Spellcasting
  2417 | D:4      | Reached skill level 1 in Translocations
  2749 | D:4      | Found a hazy altar of Hepliaklqana.
  2762 | D:4      | Reached skill level 5 in Axes
  2771 | D:4      | Noticed an ogre
  2786 | D:4      | Killed an ogre
  2786 | D:4      | Reached XP level 6. HP: 20/47 MP: 3/8
  3523 | D:5      | Entered Level 5 of the Dungeon
  3544 | D:5      | Reached XP level 7. HP: 42/52 MP: 7/11
  3657 | D:5      | Found a staircase to the Ecumenical Temple.
  3722 | Temple   | Entered the Ecumenical Temple
  3766 | Temple   | Became a worshipper of Cheibriados the Contemplative
  4133 | D:5      | Reached skill level 1 in Invocations
  4322 | D:5      | Reached skill level 6 in Axes
  4481 | D:5      | Found a radiant altar of Vehumet.
  4805 | D:5      | Found a shimmering altar of Xom.
  5352 | D:6      | Gained mutation: You are mostly covered in slimy green scales. (AC +3) [demonic ancestry]
  5352 | D:6      | Reached XP level 8. HP: 49/58 MP: 10/13
  5449 | D:6      | Found a glowing drain.
  5468 | D:6      | Reached * piety under Cheibriados
  5477 | Sewer    | Entered a sewer
  6088 | D:6      | Found a white marble altar of Elyvilon.
  6480 | D:6      | Noticed matthes123's ghost (amateur GrEE)
  6488 | D:6      | Killed matthes123's ghost
  6488 | D:6      | Reached ** piety under Cheibriados
  6928 | D:7      | Noticed Joseph
  6950 | D:7      | Killed Joseph
  6950 | D:7      | Reached skill level 7 in Axes
  6950 | D:7      | Reached skill level 5 in Spellcasting
  6950 | D:7      | Reached skill level 5 in Invocations
  6950 | D:7      | Gained mutation: You regenerate magic rapidly. [demonic ancestry]
  6950 | D:7      | Reached XP level 9. HP: 44/63 MP: 12/16
  7058 | D:7      | Reached skill level 5 in Translocations
  7626 | D:8      | Found an opulent altar of Gozag.
  7629 | D:8      | Reached *** piety under Cheibriados
  7767 | D:8      | Found a shattered altar of Ashenzari.
  7907 | D:8      | Slain by a very large slime creature

Skill      XL: |  1  2  3  4  5  6  7  8  9 |
---------------+----------------------------+-----
Axes           | 2 3 4 5 6 7 |  7.5
Spellcasting   | 1 2 3 5 |  5.7
Translocations | 1 2 3 4 5 |  5.6
Invocations    | 2 5 6 |  6.7
Fighting       | |  3.0
Armour         | |  2.6
Shields        | |  2.6

Action                   |  1- 3 |  4- 6 |  7- 9 || total
-------------------------+-------+-------+-------++-------
Melee: War axe           |   114 |   151 |   334 ||   599
       Headbutt          |     8 |    23 |    67 ||    98
  Use: Potion            |       |     3 |       ||     3
       Scroll            |       |       |    10 ||    10
 Stab: Distracted        |       |     2 |     1 ||     3
       Invisible         |       |       |     2 ||     2
  Eat: Chunk             |     2 |     7 |     8 ||    17
       Ration            |       |       |     1 ||     1
Armor: Scale mail        |    64 |    65 |   188 ||   317
Dodge: Dodged            |    39 |    34 |    82 ||   155
Block: Shield            |    67 |    62 |   154 ||   283
